 Dungeon Crawl Stone Soup version 0.26.0-90-g5fd8617961 (webtiles) character file.

Game seed: 2527750229326149066

9690 hawla the Destroyer (level 11, -2/74 HPs)
             Began as a Pale Draconian Conjurer on Feb 3, 2021.
             Was a Follower of Ashenzari.
             Slain by a boulder beetle (29 damage)
             ... on level 11 of the Dungeon.
             The game lasted 00:37:20 (14639 turns).

hawla the Destroyer (Pale Draconian Conjurer)      Turns: 14639, Time: 00:37:20

Health: -2/74      AC:  9    Str: 13    XL:     11   Next: 26%
Magic:  1/24       EV: 12    Int: 23    God:    Ashenzari [*.....]
Gold:   652        SH:  0    Dex:  9    Spells: 17/28 levels left

rFire    + . .     SeeInvis .   z - staff of conjuration
rCold    . . .     Faith    .   (no shield)
rNeg     + . .     Spirit   .   (armour unavailable)
rPois    +         Reflect  .   (helmet restricted)
rElec    .         Harm     .   (no cloak)
rCorr    .         Rampage  .   P - +0 pair of gloves
Will     .....                  m - +0 pair of boots
Stlth    ++........             y - amulet "Qiaplez" {Acrobat +Inv rF+ Str+4 Slay+3} (curse)
HPRegen  0.22/turn              p - ring of poison resistance
MPRegen  0.19/turn              k - ring of positive energy

@: no status effects
A: breathe steam, unfitting armour, cold-blooded, AC +7
a: Breathe Steam, Renounce Religion, Evoke Invisibility, Curse Item, Scrying


You were on level 11 of the Dungeon.
You worshipped Ashenzari.
Ashenzari was aware of your devotion.
You visited 1 branch of the dungeon, and saw 11 of its levels.

You collected 652 gold pieces.

Inventory:

Hand Weapons
 d - the +4 long sword of the Extremes {pain, Str+2 Dex+4}
   (You took it off an orc wizard on level 7 of the Dungeon)

   In the hands of one skilled in necromantic magic, it inflicts extra damage on
   living creatures.
   It affects your strength (+2).
   It affects your dexterity (+4).
 E - a +3 dagger of distortion
 H - the cursed +1 war axe of Undoing {vorpal, +Fly}
   (You found it on level 9 of the Dungeon)

   It inflicts extra damage upon your enemies.
   It lets you fly.
   It has a curse placed upon it.
Missiles
 h - 28 boomerangs
 n - 4 throwing nets
 u - 10 poisoned darts (quivered)
 N - 2 javelins
Armour
 m - a +0 pair of boots (worn)
 P - a +0 pair of gloves (worn)
Magical Staves
 g - an uncursed staff of air
 z - an uncursed staff of conjuration (weapon)
 J - an uncursed staff of conjuration
Jewellery
 b - an uncursed ring of flight
 k - a ring of positive energy (right hand)
 p - a ring of poison resistance (left hand)
 s - a cursed ring of protection from fire
 v - an uncursed amulet of regeneration
 y - the cursed amulet "Qiaplez" (around neck) {Acrobat +Inv rF+ Str+4 Slay+3}
   (You took it off an orc on level 7 of the Dungeon)

   [amulet of the acrobat]

   It helps you evade while moving and waiting.
   It affects your strength (+4).
   It affects your accuracy and damage with ranged weapons and melee attacks
   (+3).
   It protects you from fire.
   It lets you turn invisible.
   It has a curse placed upon it.
 B - a +6 ring of dexterity
 G - an uncursed amulet of reflection
 K - an uncursed ring of protection from cold
Wands
 l - a wand of flame (23)
Scrolls
 a - a scroll of fog
 f - a scroll of magic mapping
 q - 5 scrolls of identify
 r - 5 scrolls of enchant weapon
 x - 2 scrolls of summoning {unknown}
 C - a scroll of fear {unknown}
 M - a scroll of enchant armour {unknown}
 Q - a scroll of amnesia {unknown}
Potions
 c - 3 potions of flight
 e - a potion of curing
 j - 2 potions of cancellation
 o - a potion of brilliance
 t - a potion of resistance {unknown}
 w - a potion of magic {unknown}
 D - a potion of ambrosia {unknown}
 F - a potion of degeneration {unknown}
 L - 2 potions of heal wounds
 O - a potion of attraction {unknown}
Miscellaneous
 A - a phantom mirror
 I - a condenser vane


   Skills:
 - Level 1.0 Staves
 - Level 1.0 Throwing
 - Level 1.7 Dodging
 - Level 1.7 Stealth
 - Level 4.0 Shields
 - Level 9.0 Spellcasting
 * Level 11.6 Conjurations
 - Level 2.0 Translocations
 + Level 9.5 Fire Magic


You had 17 spell levels left.
You knew the following spells:

 Your Spells              Type           Power        Failure   Level
a - Magic Dart            Conj           100%         1%          1
b - Searing Ray           Conj           100%         1%          2
c - Iskenderun's Mystic   Conj/Tloc      58%          3%          4
d - Apportation           Tloc           38%          2%          1
e - Inner Flame           Hex/Fire       32%          2%          3

Your spell library contained the following spells:

 Spells                   Type           Power        Failure   Level
 Dazzling Flash           Conj/Hex       100%         1%          3
 Fulminant Prism          Conj/Hex       27%          5%          4
 Animate Skeleton         Necr           20%          6%          1
 Corona                   Hex            11%          6%          1
 Summon Small Mammal      Summ           40%          6%          1
 Slow                     Hex            10%          10%         2
 Portal Projectile        Hex/Tloc       28%          12%         3
 Cause Fear               Hex            5%           52%         4
 Leda's Liquefaction      Hex/Erth       5%           52%         4


Dungeon Overview and Level Annotations

Branches:
Dungeon (11/15)            Temple (0/1) D:7            Lair (0/6) D:9
    Orc: D:9-12

Altars:
Ashenzari
Cheibriados
Elyvilon
Fedhas
Gozag
Sif Muna
Trog
Uskayaw
Wu Jian
Xom
Zin
The Shining One

Annotations:
D:8 1 runed translucent door, Gadfly's ghost, novice OgGl
D:9 exclusion: obsidian statue


Innate Abilities, Weirdness & Mutations

You can breathe blasts of scalding, opaque steam.
Your pale cyan-grey scales are hard. (AC +7)
You cannot fit into any form of body armour.
You are cold-blooded and may be slowed by cold attacks.


Message History

Press: ? - help, Q - select action, (/) - cycle Shift-Dir - straight line, f/p - boulder beetle
Aim: a boulder beetle (89% to hit)
You throw a poisoned dart.
The poisoned dart barely misses the boulder beetle.
The boulder beetle bites you.
Throw: 12 darts (poison)
Press: ? - help, Q - select action, (/) - cycle Shift-Dir - straight line, f/p - boulder beetle
Aim: a boulder beetle (89% to hit)
You throw a poisoned dart.
The poisoned dart hits the boulder beetle.
The boulder beetle is poisoned.
The boulder beetle bites you!
Throw: 11 darts (poison)
Press: ? - help, Q - select action, (/) - cycle Shift-Dir - straight line, f/p - boulder beetle
Aim: a boulder beetle (poisoned, 89% to hit)
You throw a poisoned dart.
The poisoned dart hits the boulder beetle.
The boulder beetle looks even sicker.
The boulder beetle bites you!!
You die...

### #[.
#.. ..
###.###
#?..○.#
#.#.#.#
#...B.#
#..≈@.#
##.._.#
#.≈..#
..
#...##
.#
#.###
.. ..
#.
#..#.
#.
#..#.
.. #...
.#.


You could see a boulder beetle (very poisoned).

Vanquished Creatures
  Harold (D:9)
  Pikel (D:9)
  Psyche (D:9)
  A gargoyle (D:10)
  3 trolls
  Grinder (D:3)
  A meliai zombie (D:10)
  A wraith (D:11)
  3 yaks (D:10)
  3 wyverns (D:8)
  A shadow (D:7)
  Grum (D:9)
  2 water moccasins
  4 orc warriors
  A sky beast (D:7)
  3 ogres
  4 wolves (D:9)
  12 centaurs (D:11)
  Blork the orc (D:3)
  4 bullfrogs
  A wyvern skeleton (D:11)
  6 scorpions
  10 wights
  15 killer bees
  A howler monkey (D:4)
  A bullfrog zombie (D:9)
  4 hounds
  3 jellies
  9 orc wizards
  A centaur skeleton (D:9)
  9 orc priests
  An iron imp (D:5)
  Jessica (D:3)
  6 iguanas
  4 worker ants
  2 hound skeletons
  2 hound zombies
  A worker ant zombie (D:11)
  A howler monkey skeleton (D:6)
  15 adders
  12 gnolls
  7 white imps
  2 ufetubi
  An adder zombie (D:7)
  6 worms
  A dart slug (D:1)
  6 leopard geckos
  40 orcs
  13 ball pythons
  7 bats
  3 giant cockroaches
  6 goblins
  9 hobgoblins
  16 jackals
  4 quokkas
  7 frilled lizards
  14 kobolds
  A leopard gecko skeleton (D:4)
  2 quokka zombies
  4 rats
303 creatures vanquished.

Notes
Turn   | Place    | Note
-------+----------+-------------------------------------------
     0 | D:1      | hawla the Draconian Conjurer began the quest for the Orb.
     0 | D:1      | Reached XP level 1. HP: 14/14 MP: 3/3
   428 | D:1      | Reached XP level 2. HP: 20/20 MP: 0/5
   510 | D:1      | Learned a level 2 spell: Searing Ray
  1235 | D:2      | Reached XP level 3. HP: 26/26 MP: 1/7
  1880 | D:2      | Reached XP level 4. HP: 33/33 MP: 3/8
  2170 | D:2      | Reached skill level 5 in Conjurations
  2539 | D:2      | Learned a level 4 spell: Iskenderun's Mystic Blast
  2800 | D:2      | Found a bloodstained altar of Trog.
  3132 | D:3      | Noticed Jessica
  3136 | D:3      | Killed Jessica
  3137 | D:3      | Reached XP level 5. HP: 29/38 MP: 2/10
  3345 | D:3      | Reached skill level 1 in Translocations
  3349 | D:3      | Reached skill level 1 in Throwing
  3719 | D:3      | Reached XP level 6. HP: 45/45 MP: 7/12
  3898 | D:3      | Noticed Grinder
  3912 | D:3      | Killed Grinder
  3913 | D:3      | Reached skill level 5 in Spellcasting
  3913 | D:3      | Reached skill level 6 in Conjurations
  3913 | D:3      | Your scales start taking on a pale cyan-grey colour.
  3913 | D:3      | Reached XP level 7. HP: 46/50 MP: 3/14
  4130 | D:3      | Noticed Blork the orc
  4144 | D:3      | Killed Blork the orc
  4238 | D:3      | Found a shimmering blue altar of Sif Muna.
  4325 | D:4      | Reached skill level 1 in Fire Magic
  5290 | D:4      | Found an ornate altar of the Wu Jian Council.
  5290 | D:4      | Found a glowing silver altar of Zin.
  5544 | D:5      | Entered Level 5 of the Dungeon
  5851 | D:5      | Reached skill level 7 in Conjurations
  6152 | D:5      | Found a snail-covered altar of Cheibriados.
  6326 | D:5      | Found a snail-covered altar of Cheibriados.
  6335 | D:5      | Reached XP level 8. HP: 51/57 MP: 4/16
  6886 | D:6      | Found an opulent altar of Gozag.
  7164 | D:6      | Reached skill level 8 in Conjurations
  7164 | D:6      | Reached skill level 5 in Fire Magic
  7970 | D:7      | Found a broken altar of Ashenzari.
  8004 | D:7      | Reached XP level 9. HP: 62/62 MP: 4/19
  8121 | D:7      | Found a blossoming altar of Fedhas.
  8257 | D:7      | Identified the amulet "Qiaplez" {Acrobat +Inv rF+ Str+4
                  | Slay+3}
  8272 | D:7      | Identified the +4 long sword of the Extremes {pain, Str+2
                  | Dex+4}
  8325 | D:7      | Became a worshipper of Ashenzari the Shackled
  8599 | D:7      | Found a staircase to the Ecumenical Temple.
  9080 | D:8      | Reached skill level 1 in Staves
  9081 | D:8      | Reached skill level 1 in Shields
  9086 | D:8      | Found a white marble altar of Elyvilon.
  9461 | D:8      | Reached skill level 9 in Conjurations
 10334 | D:8      | Found a runed translucent door.
 10334 | D:8      | Found a shimmering altar of Xom.
 10334 | D:8      | Noticed Gadfly's ghost (novice OgGl)
 10334 | D:8      | Noticed a +2 short sword of chaos
 10467 | D:9      | Found a staircase to the Lair.
 10474 | D:9      | Noticed a troll
 10481 | D:9      | Killed a troll
 10482 | D:9      | Reached XP level 10. HP: 69/69 MP: 15/22
 10526 | D:9      | Noticed an obsidian statue
 10540 | D:9      | Learned a level 1 spell: Apportation
 10680 | D:9      | Noticed a +0 dagger
 10680 | D:9      | Noticed a +0 dagger
 10682 | D:9      | Found a hide-covered altar of Uskayaw.
 10973 | D:9      | Noticed Harold
 10989 | D:9      | Killed Harold
 11343 | D:9      | Noticed Pikel
 11348 | D:9      | Killed Pikel
 11470 | D:9      | Noticed Psyche
 11476 | D:9      | Killed Psyche
 11477 | D:9      | Reached skill level 10 in Conjurations
 11633 | D:9      | Noticed Grum
 11638 | D:9      | Killed Grum
 11854 | D:9      | Reached * piety under Ashenzari
 12252 | D:9      | Got the cursed war axe of Undoing {vorpal, +Fly}
 12644 | D:10     | Entered Level 10 of the Dungeon
 13730 | D:10     | Reached skill level 11 in Conjurations
 13730 | D:10     | Reached XP level 11. HP: 74/74 MP: 20/24
 13734 | D:10     | Learned a level 3 spell: Inner Flame
 14625 | D:11     | Found a glowing golden altar of the Shining One.
 14625 | D:11     | Noticed a boulder beetle
 14639 | D:11     | Slain by a boulder beetle

Illustrated notes

Levels and vault maps discovered:
D:1:      lemuel_arrival_rhombus, layout_rooms, st_stairs_14,
          corexii_leaking_fountain, hangedman_decor_growths,
          hangedman_decor_slide_cut, kennysheep_flooded_box,
          grunt_decor_resistance, minmay_pentomino_w2
D:2:      kb_forest_paths, layout_basic, nrook_loot_triangle, st_stairs_11,
          chequers_serial_rivers_micro_e, trog_hazing_becter
D:3:      layout_basic, tgw_sif, uniq_jessica, uniq_grinder
D:4:      layout_basic, gammafunk_temple_overflow_elements, minmay_snake_closets
D:5:      layout_cave_pools, slow_altar_2, basic_altar
D:6:      layout_rooms, lemuel_doored_altar
D:7:      minmay_the_grid_triangle_9x9_recursive_2
          [minmay_the_grid_triangle_9x9_prize_insulated,
          minmay_the_grid_triangle_9x9_minimal,
          minmay_the_grid_triangle_9x9_odd_lines,
          minmay_the_grid_triangle_9x9_pentomino_pain], layout_rooms,
          kennysheep_little_box, minmay_temple_entry_crystal_x, fedhas_altar_1
D:8:      layout_basic, ebering_ghost_xom, elyvilon_altar_5
D:9:      layout_loops_corners, dancing_weapons_uskayaw, lair_entry_dummy,
          minmay_protected_statue, uniq_grum, uniq_pikel, uniq_psyche,
          uniq_harold
D:10:     layout_stronghold, hangedman_decor_push
D:11:     layout_rooms, hangedman_feature_mirror

Skill      XL: |  1  2  3  4  5  6  7  8  9 10 |
---------------+-------------------------------+-----
Spellcasting   | 3 4 5 6 8 9 |  9.0
Conjurations   | 5 6 7 8 9 11 | 11.6
Translocations | 1 2 |  2.0
Throwing       | 1 |  1.0
Fire Magic     | 3 5 7 9 |  9.5
Staves         | 1 |  1.0
Shields        | 3 4 |  4.0
Dodging        | |  1.7
Stealth        | |  1.7

Action                   |  1- 3 |  4- 6 |  7- 9 | 10-12 || total
-------------------------+-------+-------+-------+-------++-------
Melee: Unarmed           |    13 |    12 |    19 |       ||    44
       Tailslap          |     2 |     2 |     2 |       ||     6
       Staff             |       |       |     7 |     1 ||     8
Throw: Boomerang         |       |     8 |     1 |     3 ||    12
       Dart              |       |       |       |     3 ||     3
 Cast: Magic Dart        |    50 |    26 |    97 |    20 ||   193
       Searing Ray       |     7 |    31 |    99 |    60 ||   197
       Iskenderun's Myst |       |       |    14 |    24 ||    38
       Apportation       |       |       |       |     9 ||     9
Invok: Curse Item        |       |       |     1 |       ||     1
  Use: Scroll            |     3 |     5 |    11 |     4 ||    23
       Potion            |       |       |     6 |     1 ||     7
Armor: Skin              |     8 |     8 |    30 |    24 ||    70
Dodge: Dodged            |    24 |    28 |    86 |   163 ||   301
